 Dungeon Crawl Stone Soup version 0.14-a0-1739-g6c2808e (webtiles) character file.

747 Piginabag the Bolt Thrower (level 7, 0/43 HPs)
             Began as a Formicid Hunter on Jan 4, 2014.
             Slain by Duvessa
             ... wielding a +6,+4 elven short sword of electrocution
              (5 damage)
             ... on Level 4 of the Dungeon.
             The game lasted 00:10:15 (3684 turns).

Piginabag the Bolt Thrower (Formicid Hunter)        Turns: 3684, Time: 00:10:15

HP   0/43        AC  5     Str 21      XL: 7   Next: 99%
MP   7/7         EV 11     Int 10      God:
Gold 155         SH  0     Dex 11      Spells:  0 memorised,  6 levels left

rFire  . . .     SeeInvis +     b - +2 crossbow
rCold  . . .     Clarity  .     r - +1 leather armour
rNeg   . . .     Conserve .     (no shield)
rPois  x         rCorr    +     (helmet unavailable)
rElec  .         rRot     .     (no cloak)
SustAb . .       Spirit   .     (no gloves)
rMut   .         Warding  .     (no boots)
Saprov . . .     Stasis   +     t - amulet of resist corrosion
                                (no ring)
                                m - +2 ring of strength

@: slightly resistant to hostile enchantments, unstealthy
A: permanent stasis, dig shafts and tunnels, four strong arms, poison weakness,
antennae 3, exoskeleton 1
a: Dig, Shaft Self


You were on level 4 of the Dungeon.
You were hungry.

You visited 1 branch of the dungeon, and saw 4 of its levels.

You collected 190 gold pieces.
You spent 35 gold pieces at shops.

Inventory:

Hand weapons
 b - a +2,+2 crossbow (weapon)
 l - a +0,+2 whip of venom
Missiles
 c - 24 bolts (quivered)
Armour
 k - a +0 ring mail
 r - a +1 leather armour (worn)
Comestibles
 a - 2 meat rations
 d - a banana
 f - 3 bread rations
 v - a choko
Scrolls
 e - a scroll of enchant weapon II
 h - 3 scrolls of fear
 i - 4 scrolls of identify
 p - a scroll of fog
 q - a scroll of recharging {unknown}
 u - 2 scrolls of enchant armour
 w - a scroll of remove curse {unknown}
 x - a scroll of teleportation {unknown}
 y - a scroll of magic mapping
 C - a scroll of curse weapon {unknown}
Jewellery
 m - a +2 ring of strength (left hand)
 t - an amulet of resist corrosion (around neck)
Potions
 j - 4 potions of curing
 n - a potion of magic
 o - 2 potions of invisibility
Books
 s - a book of Enchantments

   Spells                             Type                      Level
   Cause Fear                         Hexes                        4
   Silence                            Hexes/Air                    5
   Tukima's Dance                     Hexes                        5
   Deflect Missiles                   Charms/Air                   6
   Haste                              Charms                       6
   Discord                            Hexes                        8


   Skills:
 + Level 1.0 Fighting
 + Level 0.2 Maces & Flails
 + Level 7.9 Crossbows
 + Level 3.1 Armour
 + Level 2.2 Dodging
 + Level 2.1 Stealth


You had 6 spell levels left.
You didn't know any spells.

Dungeon Overview and Level Annotations

Branches:
Dungeon (4/16)
 Temple: D:4-7

Altars:

Shops:
D:4 ?

Annotations:
D:4 Duvessa


Innate Abilities, Weirdness & Mutations

Your are under a permanent stasis effect.
You can dig through walls and to a lower floor.
Your four strong arms can wield any weapon, most with a shield.
You are susceptible to poison.
You have a pair of large antennae on your head (SInv).
Your body is surrounded by an exoskeleton. (HP +5, AC +1)


Message History

You shoot a bolt. The bolt hits Duvessa.
Duvessa is heavily wounded.
Firing (i - inventory):
c - 26 bolts (quivered)
Press: ? - help, Shift-Dir - straight line, f/p - Duvessa
Aim: Duvessa, wielding a runed elven short sword (heavily wounded, berserk)
You shoot a bolt. The bolt hits Duvessa.
Duvessa is heavily wounded.
Duvessa hits you with a runed elven short sword.
The kobold hits you with a whip.
Duvessa hits you with a runed elven short sword!
You are electrocuted!
Ouch! That really hurt!
* * * LOW HITPOINT WARNING * * *
Firing (i - inventory):
c - 25 bolts (quivered)
Press: ? - help, Shift-Dir - straight line, f/p - Duvessa
Aim: Duvessa, wielding an elven short sword of electrocution (heavily wounded, berserk)
You shoot a bolt. The bolt hits Duvessa.
Duvessa is severely wounded.
Duvessa hits you with an elven short sword of electrocution.
You die...

..# # #....# .... #....# ...(.
!.. #....# .........# #....#
.........## #....# ..........
#....# ########.........### ###
#..(.###.......K.......... ...
#.........∩...@e.(......# ##.
#...)###.######....(....# #.
#.###...................######.
#.###..........................
#............).###.####.#######
#..............###.####.#######
#..###########.................
#.. #.".......%....... #.
#.....####.#.#####


You could see Duvessa (berserk) and a kobold.

Vanquished Creatures
  Dowan (D:4)
  A scorpion (D:4)
  4 orc priests (D:3)
  3 orc wizards (D:3)
  2 worker ants (D:4)
  A gnoll shaman (D:4)
  9 gnolls
  6 adders
  A giant mite (D:2)
  A worm (D:4)
  11 orcs
  A ball python (D:4)
  12 hobgoblins
  4 jackals (D:4)
  10 bats
  5 giant cockroaches
  7 giant newts
  11 goblins
  9 kobolds
  A kobold skeleton (D:4)
  9 rats
109 creatures vanquished.

Vanquished Creatures (others)
  An orc (D:3)
1 creature vanquished.

Grand Total: 110 creatures vanquished

Notes
Turn   | Place    | Note
--------------------------------------------------------------
     0 | D:1      | Piginabag, the Formicid Hunter, began the quest for the Orb.
     0 | D:1      | Reached XP level 1. HP: 17/17 MP: 1/1
   135 | D:1      | Reached XP level 2. HP: 21/21 MP: 2/2
   412 | D:1      | Reached XP level 3. HP: 25/25 MP: 3/3
  1139 | D:2      | Reached skill level 5 in Crossbows
  1139 | D:2      | Reached skill level 1 in Armour
  1139 | D:2      | Reached XP level 4. HP: 30/30 MP: 4/4
  1314 | D:3      | Reached XP level 5. HP: 5/34 MP: 5/5
  1800 | D:3      | Reached skill level 6 in Crossbows
  1800 | D:3      | Reached XP level 6. HP: 39/39 MP: 6/6
  2440 | D:3      | Reached XP level 7. HP: 43/43 MP: 7/7
  2512 | D:3      | Reached skill level 7 in Crossbows
  3464 | D:4      | Noticed Dowan
  3515 | D:4      | Killed Dowan
  3658 | D:4      | Found Wiguc's Magic Scroll Shoppe.
  3675 | D:4      | Bought a scroll of fear for 35 gold pieces
  3680 | D:4      | Noticed Duvessa
  3684 | D:4      | Slain by Duvessa

Action                   |  1- 3 |  4- 6 |  7- 9 || total
-------------------------+-------+-------+-------++-------
Melee: Whip              |       |       |    20 ||    20
 Fire: Crossbow          |    53 |    86 |    69 ||   208
 Abil: Dig               |     1 |       |       ||     1
  Use: Scroll            |       |    10 |     1 ||    11
       Potion            |       |     3 |       ||     3
